 Dungeon Crawl Stone Soup version 0.17.2-1-ge4368a0 (webtiles) character file.

57 hurricos the Conjurer (level 4, -7/24 HPs)
             Began as a Tengu Wizard on Oct 15, 2016.
             Mangled by a worm (10 damage)
             ... on level 3 of the Dungeon.
             The game lasted 00:00:57 (1789 turns).

hurricos the Conjurer (Tengu Wizard)                Turns: 1789, Time: 00:00:57

Health: -7/24      AC:  2    Str:  8    XL:     4   Next: 0%
Magic:  2/10       EV: 12    Int: 19    God:
Gold:   91         SH:  0    Dex: 12    Spells: 1 memorised, 9 levels left

rFire  . . .     SeeInvis .     (no weapon)
rCold  . . .     Clarity  .     a - +0 robe
rNeg   . . .     SustAt   .     (no shield)
rPois  .         Gourm    .     b - +0 hat
rElec  .         Spirit   .     (no cloak)
rCorr  .         Warding  .     (no gloves)
rMut   .         Stasis   +     (boots unavailable)
MR     .....                    i - amulet of stasis
Stlth  ++........               (no ring)
                                (no ring)

@: not resistant to hostile enchantments, unstealthy
A: beak, talons 3
a: no special abilities


You were on level 3 of the Dungeon.
You were not hungry.

You visited 1 branch of the dungeon, and saw 3 of its levels.

You collected 91 gold pieces.

Inventory:

Armour
 a - a +0 robe (worn)
 b - a +0 hat (worn)
Jewellery
 i - an amulet of stasis (around neck)
Scrolls
 e - a scroll of blinking {unknown}
 g - 2 scrolls of identify {unknown}
 l - a scroll of enchant armour {unknown}
 p - a scroll of teleportation {unknown}
Potions
 f - 3 potions of curing {unknown}
 j - a potion of magic {unknown}
 k - a potion of haste {unknown}
 m - a potion of ambrosia {unknown}
 n - 2 potions of heal wounds {unknown}
 o - 2 potions of brilliance {unknown}
Books
 c - a book of Minor Magic

   Spells                             Type                      Level
   a - Magic Dart                     Conjuration                  1
   b - Blink                          Translocation                2
   c - Call Imp                       Summoning                    2
   d - Repel Missiles                 Charms/Air                   2
   e - Slow                           Hexes                        2
   f - Conjure Flame                  Conjuration/Fire             3
   g - Mephitic Cloud                 Conjuration/Poison/Air       3
Comestibles
 d - 3 bread rations
 h - a royal jelly
 q - 5 fruits


   Skills:
 - Level 2.1 Dodging
 - Level 2.0 Stealth
 + Level 3.5 Spellcasting
 * Level 4.0 Conjurations
   Level 1.2 Summonings
   Level 0.7 Translocations


You had 9 spell levels left.
You knew the following spells:

 Your Spells              Type           Power        Failure   Level  Hunger
a - Magic Dart            Conj           ###.         3%          1    None


Dungeon Overview and Level Annotations

Branches:
Dungeon (3/15)

Altars:
Cheibriados
Dithmenos
Fedhas
Trog


Innate Abilities, Weirdness & Mutations

You have a beak for a mouth.
You have claws for feet.


Message History

Press: ? - help, Shift-Dir - straight line, f/p - worm
Aim: a worm (lightly wounded)
The magic dart hits the kobold.
You kill the kobold!
You have reached level 4!
You feel stronger.
You start resting.
You hit the worm. Your kick misses the worm.
The worm is lightly wounded.
The worm bites you!
You hit the worm. You claw the worm, but do no damage.
The worm is moderately wounded.
The worm bites you.
* * * LOW HITPOINT WARNING * * *
You barely miss the worm.
The worm is moderately wounded.
You hit the worm.
The worm is moderately wounded.
The worm bites you!
You die...

### ############## #..
.............# #.#
######.####.###### #.# #.#
#......# #.# #.# #.....##
..####.#########@####.#####
#.........)....w.......####
#.....###############.....#
#.##.. #.....# #.. #..##.#
... ######..##.# #.#.
........##.## ..##
######......# ### ##....##


You could see a worm.

Vanquished Creatures
  A hound skeleton (D:3)
  An ooze (D:1)
  7 goblins
  5 hobgoblins
  A quokka (D:2)
  A ball python (D:1)
  6 bats
  3 giant cockroaches (D:1)
  4 giant newts
  7 kobolds
  A rat (D:2)
37 creatures vanquished.

Notes
Turn   | Place    | Note
--------------------------------------------------------------
     0 | D:1      | hurricos the Tengu Wizard began the quest for the Orb.
     0 | D:1      | Reached XP level 1. HP: 10/10 MP: 5/5
   119 | D:1      | Reached XP level 2. HP: 12/15 MP: 0/7
   555 | D:1      | Reached XP level 3. HP: 7/19 MP: 1/8
  1089 | D:2      | Found a blossoming altar of Fedhas.
  1126 | D:2      | Found a snail-covered altar of Cheibriados.
  1415 | D:2      | Found a shadowy altar of Dithmenos.
  1451 | D:2      | Found a bloodstained altar of Trog.
  1608 | D:3      | Reached skill level 4 in Conjurations
  1774 | D:3      | Reached XP level 4. HP: 18/24 MP: 1/10
  1789 | D:3      | Mangled by a worm

Action                   |  1- 3 |  4- 6 || total
-------------------------+-------+-------++-------
Melee: Unarmed           |    41 |     4 ||    45
 Cast: Magic Dart        |    82 |     1 ||    83
  Eat: Bread ration      |     1 |       ||     1
